 Dungeon Crawl Stone Soup version 0.28-a0-622-gbaef9634d7 (webtiles) character file.

Game seed: 4828514653564459060

1 ytrimaz the Sneak (level 1, -1/9 HPs)
             Began as a Spriggan Enchanter on Oct 7, 2021.
             Slain by a quokka (3 damage)
             ... on level 1 of the Dungeon.
             The game lasted 00:00:38 (249 turns).

ytrimaz the Sneak (Spriggan Enchanter)               Turns: 249, Time: 00:00:38

Health: -1/9       AC:  2    Str:  4    XL:     1   Next: 16%
Magic:  5/5        EV: 17    Int: 16    God:
Gold:   6          SH:  0    Dex: 15    Spells: 5/5 levels left

rFire   . . .      SeeInvis +   a - +1 dagger
rCold   . . .      Faith    .   (shield restricted)
rNeg    . . .      Spirit   .   b - +0 robe
rPois   .          Reflect  .   (helmet restricted)
rElec   .          Harm     .   (no cloak)
rCorr   .          Rampage  .   (gloves unavailable)
Will    .....                   (boots unavailable)
Stlth   +++.......              (no amulet)
HPRegen 0.03/turn               (no ring)
MPRegen 0.09/turn               (no ring)

@: very quick
A: very small, no large weapons, unfitting armour, see invisible, speed 3
a: no special abilities


You were on level 1 of the Dungeon.
You visited 1 branch of the dungeon, and saw 1 of its levels.

You collected 6 gold pieces.

Inventory:

Hand Weapons
 a - a +1 dagger (weapon)
Armour
 b - a +0 robe (worn)
Potions
 c - a potion of invisibility


   Skills:
 + Level 1.1 Short Blades
 + Level 2.7 Dodging
 + Level 4.4 Stealth
 * Level 2.7 Spellcasting
 + Level 3.6 Hexes


You had 5 spell levels left.
You didn't know any spells.
Your spell library contained the following spells:

 Spells                   Type           Power      Damage    Failure   Level
 Confusing Touch          Hex            13%        N/A       13%         3
 Tukima's Dance           Hex            13%        N/A       13%         3
 Ensorcelled Hibernation  Hex/Ice        16%        N/A       14%         2
 Dazzling Flash           Conj/Hex       16%        N/A       26%         3
 Gell's Gravitas          Tloc           1%         N/A       50%         3
 Lesser Beckoning         Tloc           2%         N/A       50%         3
 Teleport Other           Tloc           2%         N/A       50%         3


Dungeon Overview and Level Annotations

Branches:
Dungeon (1/15)

Altars:


Innate Abilities, Weirdness & Mutations

You are very small and have problems with some larger weapons.
You are too small for most types of armour.
You have supernaturally acute eyesight. (SInv)
You cover ground extremely quickly. (Speed+++)


Message History

You see here a +0 rapier.
An endoplasm comes into view.
Found a hunting sling.
An endoplasm is nearby!
An endoplasm is nearby!
A quokka comes into view.
Found a hand axe.
You see here a +0 hunting sling.
You miss the quokka. The quokka misses you.
You barely miss the quokka. The quokka bites you.
You barely miss the quokka. The quokka bites you.
You hit the quokka.
The quokka is lightly wounded.
The quokka misses you.
You closely miss the quokka.
The quokka is lightly wounded.
The quokka bites you.
You closely miss the quokka.
The quokka is lightly wounded.
The endoplasm quivers.
The quokka barely misses you.
You closely miss the quokka.
The quokka is lightly wounded.
The quokka bites you but does no damage.
You closely miss the quokka.
The quokka is lightly wounded.
The quokka barely misses you. x2
The quokka completely misses you.
You see here a +0 rapier.
You see here a +0 leather armour.
You start resting.
A quokka is nearby!
The quokka barely misses you.
You closely miss the quokka. You barely miss the quokka. The quokka bites you.
Ouch! That really hurt!
* * * LOW HITPOINT WARNING * * *
You hit the quokka but do no damage. The quokka misses you.
You closely miss the quokka. The quokka bites you.
You die...

#.## #..# #.# #..#
#.# #..# #.# #..#
#.. #..# #.#
#..###### #.#
#.....@r#
#.#########.#####.#
#.# .....)......#
#.#.# #.#
####..####### #.#.#
#.# # ##.# #.#.#
#.# ### #.# #.#.#
#.# .##### ..###.#
#.#.# #.# ......
......# #.#.# #.#
###### ...####
#[#.####.###..r..


You could see a quokka.

Vanquished Creatures
  A goblin (D:1)
1 creature vanquished.

Notes
Turn   | Place    | Note
-------+----------+-------------------------------------------
     0 | D:1      | ytrimaz the Spriggan Enchanter began the quest for the Orb.
     0 | D:1      | Reached XP level 1. HP: 9/9 MP: 5/5
   249 | D:1      | Slain by a quokka

Illustrated notes

Levels and vault maps discovered:
D:1:      eino_arrival_cavern_b, layout_loops_ring, minmay_pentomino_s2

Action                   || total
-------------------------++-------
Melee: Dagger            ||    16
Armor: Robe              ||     1
Dodge: Dodged            ||    10

Table legend: (Time is in decaauts)
 A = Elapsed time spent in this place.
 B = Non-inter-level travel time spent in this place.
 C = Inter-level travel time spent in this place.
 D = Time resting spent in this place.
 E = Time spent auto-exploring this place.
 F = Levels seen in this place.
 G = Mean time per level.
                   A        B        C        D        E       F      G
               +--------+--------+--------+--------+--------+-----+--------+
         Total |    199 |    199 |      0 |     63 |     81 |   1 |  199.0 |
       Dungeon |    199 |    199 |      0 |     63 |     81 |   1 |  199.0 |
               +--------+--------+--------+--------+--------+-----+--------+

Top non-repeatable levels by time:
     D:1: 199 daAuts
